 Dungeon Crawl Stone Soup version 0.19-a0-1193-g2641e52 (webtiles) character file.

975 Duffy the Cleaver (level 7, 56/56 HPs)
             Began as a Minotaur Gladiator on Aug 19, 2016.
             Was an Initiate of the Shining One.
             Quit the game on level 5 of the Dungeon.
             The game lasted 00:05:26 (4265 turns).

Duffy the Cleaver (Minotaur Gladiator)              Turns: 4265, Time: 00:05:27

Health: 56/56      AC: 14    Str: 20    XL:     7   Next: 95%
Magic:  6/6        EV:  7    Int:  5    God:    the Shining One [......]
Gold:   134        SH:  0    Dex: 12    Spells: 0 memorised, 6 levels left

rFire  . . .     SeeInvis +     K - +0 broad axe
rCold  . . .     Gourm    .     g - +0 plate armour
rNeg   . . .     Faith    .     (no shield)
rPois  .         Spirit   .     c - +0 hat
rElec  .         Dismiss  .     (no cloak)
rCorr  .         Reflect  .     (no gloves)
MR     .....     Harm     .     z - +0 pair of boots
Stlth  ..........               (no amulet)
                                L - ring of wizardry
                                J - ring of see invisible

@: glowing
A: retaliatory headbutt, horns 2
a: Renounce Religion


You were on level 5 of the Dungeon.
You worshipped the Shining One.
The Shining One was noncommittal.
You were near starving.

You visited 2 branches of the dungeon, and saw 6 of its levels.

You collected 186 gold pieces.
You spent 52 gold pieces at shops.

Inventory:

Hand Weapons
 a - a +0 war axe
 i - a +0 club
 K - a +0 broad axe (weapon)
Missiles
 d - 3 throwing nets (quivered)
 B - 9 tomahawks
Armour
 b - a +0 leather armour
 c - a +0 hat (worn)
 e - a +0 ring mail
 g - a +0 plate armour (worn)
 z - a +0 pair of boots (worn)
Jewellery
 J - a ring of see invisible (left hand)
 L - a ring of wizardry (right hand)
Wands
 y - a wand of disintegration (13/24)
Scrolls
 n - 3 scrolls of magic mapping {unknown}
 o - 5 scrolls of fear {unknown}
 p - 6 scrolls of identify {unknown}
 q - 2 scrolls of enchant armour {unknown}
 r - a scroll of immolation {unknown}
 s - 7 scrolls of remove curse {unknown}
 t - a scroll of amnesia {unknown}
 u - a scroll of random uselessness {unknown}
 v - 2 scrolls of enchant weapon {unknown}
 x - a scroll of blinking {unknown}
 G - a scroll of teleportation {unknown}
 M - a scroll of fog {unknown}
Potions
 h - 5 potions of brilliance {unknown}
 l - 3 potions of lignification {unknown}
 w - a potion of beneficial mutation {unknown}
 A - a potion of might {unknown}
 C - 2 potions of curing {unknown}
 D - a potion of flight {unknown}
 E - 2 potions of agility {unknown}
 F - a potion of degeneration {unknown}
 I - a potion of invisibility {unknown}
Comestibles
 f - 3 bread rations
 j - 3 beef jerkies
 k - 3 meat rations
 m - 2 fruits
 H - a slice of pizza


   Skills:
 - Level 2.4 Fighting
 + Level 8.5 Axes
 - Level 2.0 Throwing
 + Level 7.6 Armour
 - Level 3.2 Dodging


You had 6 spell levels left.
You didn't know any spells.

Dungeon Overview and Level Annotations

Branches:
Dungeon (5/15)             Temple (1/1) D:4

Altars:
Ashenzari
Cheibriados
Elyvilon
Fedhas
Gozag
Hepliaklqana
Makhleb
Nemelex Xobeh
Ru
Trog
Uskayaw
Vehumet
Xom
Yredelemnul
Zin
The Shining One

Shops:
D:5 ((*


Innate Abilities, Weirdness & Mutations

You reflexively headbutt those who attack you in melee.
You have a pair of horns on your head.


Message History

Things that are here:
an uncursed shortbow; 19 arrows; a centaur skeleton You are near starving!
p - 6 scrolls labeled ZEGRIU YCIO (gained 1)
M - a scroll labeled XEHAENWOBEO You open the door.
There is an open door here.
j - 3 beef jerkies (gained 1)
s - 7 scrolls labeled PIOTRI BUITZ (gained 1)
Found a scale mail.
No target in view!
You see here a scale mail.
An adder comes into view.
The adder hisses angrily.
Found an opulent altar of Gozag.
Okay, then.
Unknown command.
Unknown command.
Okay, then.
Are you sure you want to abandon this character and quit the game? (Confirm with "yes".)

.........###.............).......
.........##.....##.##..#######...
#........##....###.###...........
#..............#.##..#...........
#..............#..##.#...........
#####..........# #.#.###.........
#........######.## #.........
########## ##.##.# #.........
#@#.#[# #...###### #S##..# #...#
##.#### #...# #_ ##### ##


You could see an adder.

Vanquished Creatures
  4 ogres
  A centaur (D:5)
  A howler monkey (D:4)
  A crimson imp (D:5)
  A jelly (D:5)
  An orc priest (D:3)
  A gnoll shaman (D:4)
  A centaur skeleton (D:5)
  An orc wizard (D:4)
  4 worker ants
  6 adders
  5 gnolls (D:4)
  3 oozes
  3 worms
  4 dart slugs
  3 giant geckos
  20 orcs
  7 giant cockroaches
  8 hobgoblins
  5 kobolds
  2 quokkas
  3 ball pythons
  5 bats
  6 giant newts
  5 goblins
  A quokka skeleton (D:5)
  8 rats
110 creatures vanquished.

Notes
Turn   | Place    | Note
-------+----------+-------------------------------------------
     0 | D:1      | Duffy the Minotaur Gladiator began the quest for the Orb.
     0 | D:1      | Reached XP level 1. HP: 18/18 MP: 0/0
    50 | D:1      | Reached skill level 1 in Armour
   111 | D:1      | Reached skill level 4 in Axes
   111 | D:1      | Reached XP level 2. HP: 25/25 MP: 1/1
   292 | D:1      | Reached XP level 3. HP: 30/30 MP: 2/2
   684 | D:2      | Found a hazy altar of Hepliaklqana.
   685 | D:2      | Found a shimmering altar of Xom.
   685 | D:2      | Noticed a yak
   686 | D:2      | Noticed a spectral ugly thing
   686 | D:2      | Noticed a yak
  1095 | D:2      | Reached skill level 5 in Axes
  1243 | D:2      | You fall through a shaft!
  1244 | D:3      | Reached XP level 4. HP: 37/37 MP: 3/3
  1719 | D:3      | Reached XP level 5. HP: 42/42 MP: 4/4
  1903 | D:4      | Found a staircase to the Ecumenical Temple.
  1923 | Temple   | Entered the Ecumenical Temple
  2031 | Temple   | Became a worshipper of the Shining One
  2096 | D:4      | Noticed an ogre
  2310 | D:4      | Killed an ogre
  2310 | D:4      | Reached skill level 6 in Axes
  2396 | D:4      | Reached XP level 6. HP: 49/50 MP: 5/5
  2528 | D:4      | Reached skill level 5 in Armour
  2819 | D:4      | Reached skill level 7 in Axes
  2925 | D:4      | Reached XP level 7. HP: 51/56 MP: 6/6
  3281 | D:4      | Found a sparkling altar of Nemelex Xobeh.
  3406 | D:5      | Entered Level 5 of the Dungeon
  3471 | D:5      | Found Xyal's Weapon Boutique.
  3474 | D:5      | Bought a +0 broad axe for 52 gold pieces
  3544 | D:5      | Found Ucwas's General Store.
  3835 | D:5      | Reached skill level 8 in Axes
  3980 | D:5      | Found Coerinti's Weapon Shop.
  4264 | D:5      | Found an opulent altar of Gozag.
  4265 | D:5      | Quit the game

Vault maps used:
D:1:      minmay_arrival_split_and_join, grunt_decor_one_mirror
D:2:      regret_index_temple_of_mockery
D:4:      first_bread, nemelex_dance_club_becter
D:5:      marbit_many_paths, serial_shops, shop, kennysheep_mini, shop,
          portal_sewer_entry_e, grunt_decor_fettered
Temple:   dshaligram_water_room_temple

Skill      XL: |  1  2  3  4  5  6  7 |
---------------+----------------------+-----
Armour         | 1 2 3 4 6 7 |  7.6
Axes           | 4 5 6 7 8 |  8.5
Fighting       | |  2.4
Throwing       | |  2.0
Dodging        | |  3.2

Action                   |  1- 3 |  4- 6 |  7- 9 || total
-------------------------+-------+-------+-------++-------
Melee: War axe           |    77 |    92 |    39 ||   208
       Headbutt          |    10 |    17 |    15 ||    42
       Broad axe         |       |       |    31 ||    31
  Eat: Chunk             |     1 |     5 |     3 ||     9
Armor: Plate armour      |    64 |    53 |    47 ||   164
Dodge: Dodged            |    33 |    49 |    22 ||   104
